 Dungeon Crawl Stone Soup version 0.32-a0-999-gfa1cc04b1d (webtiles) character file.

Game seed: 11656973042526314293

100 Cancer the Sneak (level 4, -3/31 HPs)
             Began as an Octopode Delver on Apr 24, 2024.
             Killed by divine providence
             ... invoked by an orc priest
              (12 damage)
             ... on level 3 of the Dungeon.
             The game lasted 00:05:38 (2195 turns).

Cancer the Sneak (Octopode Delver)                  Turns: 2195, Time: 00:05:39

Health: -3/31      AC:  1    Str: 13    XL:     4   Next: 73%
Magic:  4/4        EV: 12    Int: 12    God:
Gold:   144        SH:  0    Dex: 13    Spells: 1/3 levels left

rFire   . .          .
                       - Unarmed
rCold   . . .        (no shield)
rNeg    . . .        (helmet restricted)
rPois   +            (no amulet)
rElec   .            k - ring of poison resistance
rCorr   .            (no ring)
SInv    .            (no ring)
Will    .....        (no ring)
Stlth   ++++         (no ring)
HPRegen 0.25/turn    (no ring)
MPRegen 0.09/turn    (no ring)
                     (no ring)

%: no passive effects
@: no status effects
A: almost no armour, amphibious, 8 rings, camouflage 1, gelatinous body 1,
(nimble swimmer 1), tentacles
a: Convert to Beogh


You were on level 3 of the Dungeon.
You visited 1 branch of the dungeon, and saw 5 of its levels.

You collected 144 gold pieces.

Inventory:

Jewellery
 k - a ring of poison resistance (left tentacle)
Wands
 e - a wand of digging (3)
 h - a wand of charming (11)
 i - a wand of flame (26)
Scrolls
 a - a scroll of fog
 b - a scroll of revelation
 c - a scroll of fear
 f - 4 scrolls of identify {unknown}
 g - 3 scrolls of enchant armour {unknown}
 o - a scroll of teleportation {unknown}
 p - a scroll of torment {unknown}
Potions
 d - a potion of haste
 j - a potion of degeneration {unknown}
 l - a potion of cancellation {unknown}
 m - 2 potions of curing {unknown}
 n - a potion of lignification {unknown}


   Skills:
 - Level 3.0 Fighting
 - Level 2.0 Dodging
 - Level 6.6 Stealth
 + Level 4.8 Unarmed Combat


You had one spell level left.
You knew the following spells:

 Your Spells              Type           Power      Damage    Failure   Level
a - Blink                 Tloc           0%         N/A       45%         2

Your spell library contained the following spells:

 Spells                   Type           Power      Damage    Failure   Level
 Cigotuvi's Dreadful Rot  Necr/Alch/Air  0%         N/A       45%         2
 Lesser Beckoning         Tloc           0%         N/A       45%         2
 Momentum Strike          Conj/Tloc      0%         3d8       45%         2
 Dispel Undead            Necr           0%         3d6       97%         4
 Martyr's Knell           Necr/Summ      0%         N/A       97%         4


Dungeon Overview and Level Annotations

Branches:
Dungeon (5/15)
 Temple: D:4-7

Altars:


Innate Abilities, Weirdness & Mutations

You cannot wear most types of armour.
You are amphibious.
You can wear up to eight rings at the same time.
Your skin changes colour to match your surroundings (Stealth+).
Your rubbery body absorbs attacks. (AC +1, EV +1)
((You are camouflaged when in or above water. (Stealth+)))
You have tentacles for arms and can constrict up to eight enemies at once.


Message History

The quokka is heavily wounded.
The quokka bites you but does no damage.
You miss the quokka. Your grab misses the quokka.
You squeeze the quokka, but do no damage.
The quokka is heavily wounded.
The quokka closely misses you.
You tentacle-slap the quokka. You grab the quokka.
The quokka is almost dead.
You constrict the quokka.
You kill the quokka!
No target in view!
No target in view!
You now have 144 gold pieces (gained 6).
You open the door. 3 orcs and 2 orc priests come into view.
The orc shouts!
The orc priest shouts!
The orc shouts! x2
The orc priest invokes the aid of Beogh against you.
Beogh smites you!
The orc priest shouts!
The orc priest threatens, "Beogh's wrath is as vast as their mercy.
Make your choice!" (press Y on the ability menu to convert to Beogh)
There is an open door here.
The orc attacks as it pursues you! The orc barely misses you.
The orc attacks as it pursues you! The orc hits you with a +0 hand axe.
The orc priest begins to cast a cantrip, but forgets the words!
The orc attacks as it pursues you! The orc hits you with a +0 hand axe!
The orc sings a few bars from the Orcish anthem.
The orc attacks as it pursues you! The orc closely misses you.
The orc attacks as it pursues you! The orc closely misses you.
The orc attacks as it pursues you! The orc misses you.
You tentacle-slap the orc but do no damage.
Your grab misses the orc. The orc misses you.
The orc attacks as it pursues you! The orc closely misses you.
You tentacle-slap the orc. Your grab misses the orc.
The orc is lightly wounded.
The orc hits you with a +0 hand axe.
* * * LOW HITPOINT WARNING * * *
The orc priest mumbles some strange prayers to Beogh against you.
Beogh smites you!
You die...

...# .....# ##...#.# ####
#...# #...#.# # ##+#
#...#.# # #.# #.o##.#
##### #.# #.o...#
....#######.## ##.####
###.##.......## #.# #
#.##........#########o# #
#.##..........@.o.o.oo#
###.##....#..############
.............#
###.########## ....#
#####


You could see 2 orc priests and 3 orcs.

Vanquished Creatures
  2 adders (D:2)
  3 dart slugs
  2 ribbon worms
  3 orcs
  3 endoplasms
  4 giant cockroaches
  4 hobgoblins
  11 jackals (D:1)
  6 kobolds
  A quokka (D:3)
  3 ball pythons
  7 bats
  4 frilled lizards
  6 goblins
  6 rats
65 creatures vanquished.

Notes
Turn   | Place    | Note
-------+----------+-------------------------------------------
     0 | D:5      | Cancer the Octopode Delver began the quest for the Orb.
     0 | D:5      | Reached XP level 1. HP: 16/16 MP: 1/1
    11 | D:5      | Noticed a phantom
    81 | D:5      | Noticed an iguana
   126 | D:4      | Noticed an ogre
   136 | D:4      | Reached XP level 2. HP: 21/21 MP: 2/2
   741 | D:1      | Reached XP level 3. HP: 25/26 MP: 3/3
  1359 | D:2      | Reached XP level 4. HP: 22/31 MP: 4/4
  1886 | D:2      | Learned a level 2 spell: Blink
  2195 | D:3      | Killed from afar by an orc priest

Illustrated notes

Levels and vault maps discovered:
D:1:      beargit_arrival_greenhouse, layout_basic
D:2:      layout_loops_cross
D:3:      layout_loops_corners
D:4:      layout_rooms, good_gods_temple_1, dk_rats_in_the_wall
D:5:      minmay_thick_lines, layout_cave_pools

Skill      XL: |  1  2  3 |
---------------+----------+-----
Unarmed Combat | 3 4 |  4.8
Fighting       | |  3.0
Dodging        | |  2.0
Stealth        | |  6.6

Action                     |  1- 3 |  4- 6 || total
---------------------------+-------+-------++-------
  Melee: Unarmed           |    76 |    49 ||   125
         Tentacles         |    15 |     7 ||    22
         Constrict         |    21 |    12 ||    33
         Punch             |     2 |       ||     2
   Stab: Sleeping          |    18 |     2 ||    20
 Armour: Skin              |    31 |    25 ||    56
  Dodge: Dodged            |    33 |    45 ||    78

Table legend: (Time is in decaauts)
 A = Elapsed time spent in this place.
 B = Non-inter-level travel time spent in this place.
 C = Inter-level travel time spent in this place.
 D = Time resting spent in this place.
 E = Time spent auto-exploring this place.
 F = Levels seen in this place.
 G = Mean time per level.
                   A        B        C        D        E       F      G
               +--------+--------+--------+--------+--------+-----+--------+
         Total |   2184 |   1981 |    203 |     50 |   1322 |   5 |  436.8 |
       Dungeon |   2184 |   1981 |    203 |     50 |   1322 |   5 |  436.8 |
               +--------+--------+--------+--------+--------+-----+--------+

Top non-repeatable levels by time:
     D:2: 801 daAuts
     D:1: 677 daAuts
     D:3: 423 daAuts
     D:5: 175 daAuts
     D:4: 107 daAuts
